 Dungeon Crawl Stone Soup version 0.27.0-1-g7a089689b8 (webtiles) character file.

Game seed: 2846811342319081416

72 Descartes the Sneak (level 4, -3/18 HPs)
             Began as a Felid Enchanter on Aug 1, 2021.
             Slain by a hound (5 damage)
             ... on level 4 of the Dungeon.
             The game lasted 00:04:31 (4358 turns).

Descartes the Sneak (Felid Enchanter)               Turns: 4358, Time: 00:04:32

Health: -3/18      AC:  1    Str:  5    XL:     4   Next: 6%
Magic:  6/8        EV: 18    Int: 16    God:
Gold:   104        SH:  0    Dex: 16    Spells: 6/7 levels left
                                        Lives:  0   Deaths: 1

rFire    . . .     SeeInvis +     - Unarmed
rCold    . . .     Faith    .   (shield unavailable)
rNeg     . . .     Spirit   .   (armour unavailable)
rPois    .         Reflect  .   (helmet unavailable)
rElec    .         Harm     .   (cloak unavailable)
rCorr    .         Rampage  .   (gloves unavailable)
Will     .....                  (boots unavailable)
Stlth    +++.......             (no amulet)
HPRegen  0.06/turn              (no ring)
MPRegen  0.11/turn              (no ring)

@: quick
A: very small, claws 1, fangs 3, see invisible, speed 1, shaggy fur 1, stealthy
paws, no weapons or thrown items, no armour, multi-lived
a: no special abilities


You were on level 4 of the Dungeon.
You visited 1 branch of the dungeon, and saw 4 of its levels.

You collected 104 gold pieces.

Inventory:

Jewellery
 i - a ring of willpower
Scrolls
 b - a scroll of magic mapping {unknown}
 d - a scroll of blinking {unknown}
 e - 2 scrolls of identify {unknown}
 k - a scroll of enchant weapon {unknown}
Potions
 a - 2 potions of lignification {unknown}
 c - a potion of degeneration {unknown}
 f - a potion of heal wounds {unknown}
 g - a potion of brilliance {unknown}
 h - a potion of attraction {unknown}
 j - a potion of berserk rage {unknown}


   Skills:
 + Level 4.1 Dodging
 + Level 5.4 Stealth
 + Level 2.4 Unarmed Combat
 - Level 2.0 Spellcasting
 - Level 5.0 Hexes


You had 6 spell levels left.
You knew the following spells:

 Your Spells              Type           Power      Damage    Failure   Level
a - Corona                Hex            18%        N/A       2%          1

Your spell library contained the following spells:

 Spells                   Type           Power      Damage    Failure   Level
 Confusing Touch          Hex            17%        N/A       8%          3
 Tukima's Dance           Hex            17%        N/A       8%          3
 Ensorcelled Hibernation  Hex/Ice        18%        N/A       11%         2
 Animate Skeleton         Necr           2%         N/A       21%         1
 Pain                     Necr           4%         1d4       21%         1
 Sting                    Tmut/Pois      4%         1d3       21%         1
 Dazzling Flash           Conj/Hex       18%        N/A       22%         3
 Poisonous Vapours        Pois/Air       2%         N/A       30%         2
 Vampiric Draining        Necr           0%         2d6       52%         3
 Olgreb's Toxic Radiance  Pois           1%         N/A       90%         4


Dungeon Overview and Level Annotations

Branches:
Dungeon (4/15)
 Temple: D:4-7

Altars:
Fedhas
Beogh

Annotations:
D:4 3 runed translucent doors, kthxbai's ghost, amateur DgCj


Innate Abilities, Weirdness & Mutations

You have sharp claws.
You have razor-sharp teeth.
You have supernaturally acute eyesight. (SInv)
You cover ground quickly. (Speed+)
You are covered in fur. (AC +1)
Your paws help you pounce on unaware monsters.
You are incapable of wielding weapons or throwing items.
You cannot wear armour.
You gain extra lives every three experience levels.


Message History

The hound closely misses you.
You barely miss the hound. The hound completely misses you.
You scratch the hound but do no damage. The hound bites you. x2
You are too injured to fight recklessly!
You are too injured to fight recklessly!
You are too injured to fight recklessly!
You are too injured to fight recklessly!
You are too injured to fight recklessly!
You are too injured to fight recklessly!
You are too injured to fight recklessly!
You are too injured to fight recklessly!
The hound completely misses you. The hound bites you.
Casting: Corona (safe; 2% risk of failure)
Confirm with . or Enter, or press ? or * to list all spells.
Aiming: Corona (safe; 2% risk of failure)
Press: ? - help, Shift-Dir - straight line, f - hound
Aim: a hound (chance to affect: 63%)
The hound struggles to resist.
The hound closely misses you. The hound closely misses you.
Casting: Corona (safe; 2% risk of failure)
Confirm with . or Enter, or press ? or * to list all spells.
Aiming: Corona (safe; 2% risk of failure)
Press: ? - help, Shift-Dir - straight line, f/p - hound
Aim: a hound (chance to affect: 63%)
The hound struggles to resist.
The hound closely misses you. The hound barely misses you.
You scratch the hound.
The hound is moderately wounded.
The hound bites you.
* * * LOW HITPOINT WARNING * * *
You closely miss the hound. You claw the hound.
The hound is moderately wounded.
The hound closely misses you.
You closely miss the hound.
The hound is moderately wounded.
The hound bites you.
* * * LOW HITPOINT WARNING * * *
The hound bites you.
You die...

#.# #†#
#.#.........># #.#
#.# ###.#.######.#
#.# #.# #.#.# #.#
#.######.######.#.#
#.#
#.............#.#.#
#.#
########.####.#.#.#
#.. #.# #.#.#.#
#.####.#.#.#
#...@h.#.#.#
######.#.#.#
#......# ##.#####
#.# ###


You could see a hound.

Vanquished Creatures
  3 adders
  A gnoll (D:1)
  A shadow imp (D:3)
  A worm (D:2)
  A dart slug (D:1)
  7 orcs (D:3)
  4 endoplasms
  2 giant cockroaches
  6 goblins
  4 hobgoblins (D:3)
  3 jackals (D:3)
  3 quokkas
  2 ball pythons (D:3)
  3 bats
  5 frilled lizards (D:1)
  3 kobolds
  5 rats
54 creatures vanquished.

Notes
Turn   | Place    | Note
-------+----------+-------------------------------------------
     0 | D:1      | Descartes the Felid Enchanter began the quest for the Orb.
     0 | D:1      | Reached XP level 1. HP: 7/7 MP: 4/4
   748 | D:1      | Reached XP level 2. HP: 11/11 MP: 6/6
  1201 | D:1      | Found a faded altar of an unknown god.
  1488 | D:2      | Found a blossoming altar of Fedhas.
  1621 | D:2      | Reached XP level 3. HP: 14/14 MP: 7/7
  1968 | D:2      | Reached skill level 5 in Hexes
  2253 | D:3      | Reached skill level 5 in Stealth
  2875 | D:3      | Reached XP level 4. HP: 12/18 MP: 8/8
  2876 | D:3      | Slain by an orc
  2877 | D:3      | Reached XP level 3. HP: 0/14 MP: 7/7
  3868 | D:4      | Reached XP level 4. HP: 18/18 MP: 8/8
  4277 | D:4      | Found a runed translucent gate.
  4278 | D:4      | Found a runed translucent gate.
  4279 | D:4      | Found a runed translucent gate.
  4280 | D:4      | Noticed kthxbai's ghost (amateur DgCj)
  4358 | D:4      | Slain by a hound

Illustrated notes

Levels and vault maps discovered:
D:1:      arrival_zaba_pyramid, layout_loops_ring,
          dreamdust_ecumenical_altar_angels_and_demons, serial_forest,
          infiniplex_forest_straight_4, infiniplex_forest_fountain,
          infiniplex_forest_zigzag_1, infiniplex_forest_lined_room_2,
          infiniplex_forest_clump_long, infiniplex_forest_clump_curved,
          infiniplex_forest_lined_2, st_stairs_4, minmay_misc_feat_four_crosses
D:2:      layout_loops_ring, basic_altar, st_stairs_4
D:3:      cheibrodos_old_hovel, layout_basic
D:4:      black_bear_nest_1, layout_basic, biasface_ghost_orc_armoury,
          minmay_misc_feat_square, st_stairs_1

Skill      XL: |  1  2  3 |
---------------+----------+-----
Dodging        | 3 4 |  4.1
Hexes          | 5 |  5.0
Unarmed Combat | 2 |  2.4
Stealth        | 5 |  5.4
Spellcasting   | |  2.0

Action                   |  1- 3 |  4- 6 || total
-------------------------+-------+-------++-------
Melee: Unarmed           |   127 |    26 ||   153
       Bite              |    10 |     1 ||    11
       Punch             |       |     1 ||     1
 Cast: Corona            |       |     2 ||     2
 Stab: Sleeping          |    19 |       ||    19
Armor: Skin              |     4 |       ||     4
Dodge: Dodged            |    82 |    27 ||   109
